 Dungeon Crawl Stone Soup version 0.29-a0-330-g52719c12eb (webtiles) character file.

Game seed: 709947418225287986

107 Gwenloh the Digger (level 4, 0/26 HPs)
             Began as a Gargoyle Earth Elementalist on Apr 28, 2022.
             Frozen to death by an endoplasm (4 damage)
             ... on level 3 of the Dungeon.
             The game lasted 00:05:50 (2512 turns).

Gwenloh the Digger (Gargoyle Earth Elementalist)    Turns: 2512, Time: 00:05:51

Health: 0/26       AC:  6    Str: 12    XL:     4   Next: 85%
Magic:  1/8        EV: 11    Int: 17    God:
Gold:   75         SH:  0    Dex: 10    Spells: 2/8 levels left

rFire   . . .      SeeInvis .   f - +2 dagger (protect)
rCold   . . .      Faith    .   (no shield)
rNeg    + . .      Spirit   .   g - +0 leather armour
rPois   ∞          Reflect  .   (no helmet)
rElec   +          Harm     .   (no cloak)
rCorr   .          Rampage  .   (no gloves)
Will    .....                   (no boots)
Stlth   ++........              (no amulet)
HPRegen 0.08/turn               (no ring)
MPRegen 0.11/turn               (no ring)

@: no status effects
A: sickness immunity, AC +3, negative energy resistance 1, electricity
resistance, torment resistance 1, petrification resistance
a: no special abilities


You were on level 3 of the Dungeon.
You visited 1 branch of the dungeon, and saw 3 of its levels.

You collected 75 gold pieces.

Inventory:

Hand Weapons
 f - a +2 dagger of protection (weapon)
Missiles
 a - 97 stones
Armour
 b - a +0 robe
 g - a +0 leather armour (worn)
Scrolls
 d - 3 scrolls of fear
 h - 2 scrolls of holy word
 i - a scroll of brand weapon
 j - a scroll of vulnerability
 k - 2 scrolls of amnesia
 o - a scroll of enchant weapon {unknown}
 p - a scroll of blinking {unknown}
Potions
 c - 2 potions of magic
 e - a potion of mutation {unknown}
 l - a potion of brilliance {unknown}
 m - a potion of lignification {unknown}
 n - 3 potions of heal wounds {unknown}
 q - a potion of flight {unknown}


   Skills:
 + Level 2.0 Fighting
 + Level 1.2 Armour
 - Level 1.5 Dodging
 - Level 2.1 Stealth
 + Level 2.7 Spellcasting
 - Level 0.7 Transmutations
 * Level 5.1 Earth Magic


You had 2 spell levels left.
You knew the following spells:

 Your Spells              Type           Power      Damage    Failure   Level
a - Sandblast             Erth           38%        2d10      2%          1
b - Stone Arrow           Conj/Erth      22%        3d8       24%         3
c - Passwall              Tmut/Erth      10%        N/A       11%         2

Your spell library contained the following spells:

 Spells                   Type           Power      Damage    Failure   Level
 Freeze                   Ice            8%         1d3       22%         1
 Frozen Ramparts          Ice            4%         1d2       56%         3
 Summon Guardian Golem    Hex/Summ       2%         N/A       56%         3
 Petrify                  Tmut/Erth      12%        N/A       56%         4
 Hailstorm                Conj/Ice       2%         3d3       92%         4
 Metabolic Englaciation   Hex/Ice        1%         N/A       99%         5
 Orb of Destruction       Conj           1%         9d5       100%        7
 Spellforged Servitor     Conj/Summ      1%         N/A       100%        7
 Statue Form              Tmut/Erth      Unusable   N/A       N/A         6

Dungeon Overview and Level Annotations

Branches:
Dungeon (3/15)

Altars:


Innate Abilities, Weirdness & Mutations

You are immune to sickness and miasma.
Your stone body is resilient. (AC +3)
You are immune to poison.
You resist negative energy. (rN+)
You are resistant to electric shocks. (rElec)
You are resistant to unholy torment.
You are immune to petrification.


Message History

Press: ? - help, Shift-Dir - straight line, f/p - iguana
Aim: an iguana (almost dead, 82% to hit)
The blast of sand hits the iguana but does no damage.
The iguana is almost dead.
The iguana bites you!
* * * LOW HITPOINT WARNING * * *
Casting: Sandblast (safe; 3% risk of failure)
Confirm with . or Enter, or press ? or * to list all spells.
Aiming: Sandblast (safe; 3% risk of failure)
Press: ? - help, Shift-Dir - straight line, f/p - iguana
Aim: an iguana (almost dead, 82% to hit)
The blast of sand hits the iguana but does no damage.
The iguana is almost dead.
The iguana closely misses you.
Unknown command.
Casting: Sandblast (safe; 3% risk of failure)
Confirm with . or Enter, or press ? or * to list all spells.
Aiming: Sandblast (safe; 3% risk of failure)
Press: ? - help, Shift-Dir - straight line, f/p - iguana
Aim: an iguana (almost dead, 82% to hit)
The blast of sand hits the iguana.
You kill the iguana!
Your Fighting skill increases to level 2!
Your Earth Magic skill increases to level 5!
Casting: Sandblast (safe; 2% risk of failure)
Confirm with . or Enter, or press ? or * to list all spells.
Aiming: Sandblast (safe; 2% risk of failure)
Press: ? - help, Shift-Dir - straight line, f - quokka
Aim: a quokka (71% to hit)
The blast of sand hits the quokka!
You kill the quokka!
Casting: Sandblast (safe; 2% risk of failure)
Confirm with . or Enter, or press ? or * to list all spells.
Aiming: Sandblast (safe; 2% risk of failure)
Press: ? - help, Shift-Dir - straight line, f - endoplasm
Aim: an endoplasm (98% to hit)
The blast of sand misses the endoplasm.
The endoplasm freezes you.
You are frozen.
You die...

#.# # # # # # #
# #.#### # #
#....# # #. #@#
.. #.####J# ###
#......####.#
..
.....#......$#
#.
.####.#.#######
.# ..........#
.##...#.#.#
#...#.#.#
.##...#.#.#


You could see an endoplasm.

Vanquished Creatures
  An iguana (D:3)
  2 adders
  3 dart slugs
  5 bats
  7 endoplasms
  6 hobgoblins
  5 jackals
  4 quokkas
  6 ball pythons
  2 frilled lizards
  4 goblins
  4 kobolds
  4 rats
53 creatures vanquished.

Notes
Turn   | Place    | Note
-------+----------+-------------------------------------------
     0 | D:1      | Gwenloh the Gargoyle Earth Elementalist began the quest for
                  | the Orb.
     0 | D:1      | Reached XP level 1. HP: 10/10 MP: 3/3
   382 | D:1      | Reached XP level 2. HP: 16/16 MP: 5/5
   385 | D:1      | Learned a level 2 spell: Passwall
   394 | D:1      | Reached skill level 4 in Earth Magic
   463 | D:1      | Reached skill level 1 in Fighting
   813 | D:1      | Reached XP level 3. HP: 19/20 MP: 6/6
  1150 | D:1      | Learned a level 3 spell: Stone Arrow
  1463 | D:2      | Found a faded altar of an unknown god.
  1835 | D:2      | Reached XP level 4. HP: 25/25 MP: 7/7
  2407 | D:3      | Reached skill level 1 in Armour
  2511 | D:3      | Reached skill level 5 in Earth Magic
  2512 | D:3      | Frozen to death by an endoplasm

Illustrated notes

Levels and vault maps discovered:
D:1:      elethiomel_arrival_maze, layout_rooms
D:2:      layout_basic, ebering_ecumenical_altar_webs
D:3:      layout_basic

Skill      XL: |  1  2  3  4 |
---------------+-------------+-----
Earth Magic    | 4 5 |  5.1
Fighting       | 1 2 |  2.0
Armour         | 1 |  1.2
Dodging        | |  1.5
Stealth        | |  2.1
Spellcasting   | |  2.7
Transmutations | |  0.7

Action                   |  1- 3 |  4- 6 || total
-------------------------+-------+-------++-------
Melee: Unarmed           |     8 |       ||     8
       Dagger            |   117 |    32 ||   149
 Cast: Sandblast         |    11 |     8 ||    19
  Use: Scroll            |     1 |     4 ||     5
 Stab: Sleeping          |     1 |     2 ||     3
Armor: Robe              |    33 |       ||    33
       Leather armour    |    23 |    12 ||    35
Dodge: Dodged            |    83 |    23 ||   106

Table legend: (Time is in decaauts)
 A = Elapsed time spent in this place.
 B = Non-inter-level travel time spent in this place.
 C = Inter-level travel time spent in this place.
 D = Time resting spent in this place.
 E = Time spent auto-exploring this place.
 F = Levels seen in this place.
 G = Mean time per level.
                   A        B        C        D        E       F      G
               +--------+--------+--------+--------+--------+-----+--------+
         Total |   2510 |   2435 |     75 |    321 |   1649 |   3 |  836.7 |
       Dungeon |   2510 |   2435 |     75 |    321 |   1649 |   3 |  836.7 |
               +--------+--------+--------+--------+--------+-----+--------+

Top non-repeatable levels by time:
     D:1: 1262 daAuts
     D:2: 920 daAuts
     D:3: 327 daAuts
